 Dungeon Crawl Stone Soup version 0.24-a0-464-g6b2be6b8c7 (webtiles) character file.

Game seed: 9641080102695790747

1482 deorigin the Cleaver (level 8, 0/59 HPs)
             Began as a Barachi Fighter on July 3, 2019.
             Was a Believer of Okawaru.
             Slain by an adder (2 damage)
             ... on level 5 of the Dungeon.
             The game lasted 00:13:26 (5002 turns).

deorigin the Cleaver (Barachi Fighter)              Turns: 5002, Time: 00:13:27

Health: 0/59       AC: 16    Str: 17 (20) XL:     8   Next: 79%
Magic:  8/10       EV:  6    Int:  8 (9)  God:    Okawaru [**....]
Gold:   193        SH: 10    Dex:  8 (11) Spells: 7/7 levels left

rFire    . . .     SeeInvis .   a - +0 war axe
rCold    + . .     Gourm    .   c - +0 shield
rNeg     . . .     Faith    +   x - +0 plate armour
rPois    .         Spirit   .   B - +0 helmet
rElec    .         Reflect  .   p - +0 cloak
rCorr    .         Harm     .   (no gloves)
MR       +....                  (no boots)
Stlth    ..........             w - amulet of faith
HPRegen  0.19/turn              u - ring of protection from magic
MPRegen  0.12/turn              D - ring of protection from cold

@: lethally poisoned (0 -> -1), heroism, hasted, quick
A: +LOS, swims, slowness 1, strong legs 1
a: Hop, Heroism, Renounce Religion


You were on level 5 of the Dungeon.
You worshipped Okawaru.
Okawaru was pleased with you.
You were not hungry.

You visited 1 branch of the dungeon, and saw 6 of its levels.

You collected 193 gold pieces.

Inventory:

Hand Weapons
 a - a +0 war axe (weapon)
 t - a +2 dagger of electrocution
 A - a +5 dire flail of holy wrath
Missiles
 e - 17 poisoned darts
 r - 6 curare-tipped darts (quivered)
Armour
 b - a +0 scale mail
 c - a +0 shield (worn)
 p - a +0 cloak (worn)
 x - a +0 plate armour (worn)
 B - a +0 helmet (worn)
 C - a +0 ring mail of positive energy
Jewellery
 u - a ring of protection from magic (left hand)
 w - an amulet of faith (around neck)
 D - a ring of protection from cold (right hand)
Wands
 y - a wand of random effects (4)
Scrolls
 g - 3 scrolls of remove curse
 h - a scroll of enchant armour {unknown}
 i - a scroll of teleportation
 j - a scroll of noise {unknown}
 k - 2 scrolls of fear {unknown}
 n - a scroll of magic mapping
 o - a scroll of blinking {unknown}
 q - a scroll of immolation {unknown}
 v - a scroll of amnesia {unknown}
Potions
 d - 2 potions of might
 l - a potion of mutation
 m - a potion of lignification
Comestibles
 f - 4 rations
 E - 5 chunks of flesh


   Skills:
 - Level 3.6(8.6) Fighting
 + Level 11.0(16.0) Axes
 - Level 3.6(8.6) Armour
 - Level 3.2(8.2) Shields
 - Level 3.0 Invocations


You had 7 spell levels left.
You didn't know any spells.
Your spell library was empty.

Dungeon Overview and Level Annotations

Branches:
Dungeon (6/15)             Temple (0/1) D:4

Altars:
Cheibriados
Nemelex Xobeh
Okawaru
Sif Muna
Uskayaw
Vehumet


Innate Abilities, Weirdness & Mutations

Shadows flee at your approach. (+LOS)
You can swim through water.
You cover ground slowly.
You can hop short distances.


Message History

You climb upwards.
There is a stone staircase leading down here.
Unknown command.
Unknown command.
Unknown command.
Unknown command.
You gain the combat prowess of a mighty hero.
* * * LOW HITPOINT WARNING * * *
You feel sick. You block the adder's attack.
Your plate armour prevents you from hitting the adder.
You block the adder's attack.
You miss the adder. You block the adder's attack.
You completely miss the adder.
Your plate armour prevents you from hitting the adder.
You block the adder's attack.
Your plate armour prevents you from hitting the adder.
You hit the adder.
The adder is moderately wounded.
The adder bites you.
You die...

.#....# #.##.# #..# .###..#
#.##.#####..# .###..##
##'##........# .......#
##...########.##### #.##.#.#
##.....## #.....#
#.#..#.###.......## ##.###.#
#......##.........####....#.#
........'......S..+.......#.#
#......##.......@.####......#
#.#..#.###.......## ##.#.###
#......####.....## #.....#
........# ##...## #.#.#.#
.###.##.# ##'## #.#.#.# .#
#.##.# #.#########.#.#.# .#
#.##.#####.##............# .#
#..........##.#####.##.###
.######.####...#.# #.##.#


You could see an adder.

Vanquished Creatures
  A cyclops (D:6)
  Edmund (D:4)
  A water moccasin (D:5)
  A sky beast (D:5)
  2 ogres
  A centaur (D:5)
  2 scorpions
  A centaur zombie (D:6)
  2 crimson imps (D:5)
  A bullfrog skeleton (D:5)
  A hound (D:4)
  An iguana (D:4)
  3 worker ants
  4 gnolls (D:5)
  A howler monkey skeleton (D:4)
  5 adders
  2 oozes (D:2)
  2 worms
  4 dart slugs
  A leopard gecko (D:5)
  8 orcs
  6 giant cockroaches
  5 goblins
  7 hobgoblins
  8 jackals
  5 quokkas
  A ball python (D:4)
  A bat (D:2)
  5 frilled lizards
  9 kobolds
  A quokka skeleton (D:4)
  7 rats
100 creatures vanquished.

Notes
Turn   | Place    | Note
-------+----------+-------------------------------------------
     0 | D:1      | deorigin the Barachi Fighter began the quest for the Orb.
     0 | D:1      | Reached XP level 1. HP: 18/18 MP: 1/1
   141 | D:1      | Reached XP level 2. HP: 20/24 MP: 2/2
   191 | D:1      | Reached skill level 3 in Axes
   572 | D:2      | Reached XP level 3. HP: 29/29 MP: 3/3
   616 | D:2      | Reached skill level 4 in Axes
  1063 | D:2      | Found a hide-covered altar of Uskayaw.
  1068 | D:2      | Reached XP level 4. HP: 36/36 MP: 4/4
  1403 | D:3      | Found a sparkling altar of Nemelex Xobeh.
  1499 | D:3      | Reached skill level 5 in Axes
  1748 | D:3      | Found an iron altar of Okawaru.
  1754 | D:3      | Became a worshipper of Warmaster Okawaru
  2470 | D:4      | Reached XP level 5. HP: 29/41 MP: 5/5
  2687 | D:4      | Reached skill level 6 in Axes
  2859 | D:4      | Noticed Edmund
  2880 | D:4      | Killed Edmund
  2880 | D:4      | Reached skill level 7 in Axes
  2880 | D:4      | Reached XP level 6. HP: 19/47 MP: 6/6
  3124 | D:4      | Reached * piety under Okawaru
  3238 | D:4      | Found a staircase to the Ecumenical Temple.
  3364 | D:5      | Entered Level 5 of the Dungeon
  3397 | D:5      | Reached skill level 1 in Invocations
  3397 | D:5      | Reached XP level 7. HP: 28/52 MP: 6/8
  3723 | D:5      | Found a deep blue altar of Sif Muna.
  3848 | D:5      | Found a radiant altar of Vehumet.
  3848 | D:5      | Found a snail-covered altar of Cheibriados.
  3883 | D:5      | Reached skill level 8 in Axes
  4471 | D:5      | Reached skill level 9 in Axes
  4471 | D:5      | Reached XP level 8. HP: 36/59 MP: 7/10
  4475 | D:5      | Reached ** piety under Okawaru
  4923 | D:6      | Noticed a cyclops
  4958 | D:6      | Killed a cyclops
  4958 | D:6      | Reached skill level 11 in Axes
  4960 | D:6      | HP: 2/59 [worker ant (4)]
  4965 | D:6      | HP: 1/59 [poisoned by a scorpion]
  4992 | D:6      | HP: 2/59 [poisoned by an adder]
  5002 | D:5      | Slain by an adder

Levels and vault maps discovered:
D:1:      dpeg_arrival_prison, layout_basic, minmay_pentomino_z4
D:2:      layout_basic, overflow_temple_1_default, first_ration
D:3:      layout_loops_corners, lemuel_coloured_pillars_altar,
          lemuel_crystal_altar
D:4:      layout_rooms, lemuel_temple_firewalk_b, uniq_edmund
D:5:      layout_loops_corners, gammafunk_temple_overflow_elements,
          lemuel_blue_sif_altar
D:6:      layout_rooms, bloody_makhleb, minmay_chambers_of_fives

Skill      XL: |  1  2  3  4  5  6  7  8 |
---------------+-------------------------+-----
Axes           | 3 4 5 7 9 11 | 11.0
Invocations    | 1 3 |  3.0
Fighting       | |  3.6
Armour         | |  3.6
Shields        | |  3.2

Action                   |  1- 3 |  4- 6 |  7- 9 || total
-------------------------+-------+-------+-------++-------
Melee: War axe           |   103 |   165 |   193 ||   461
Throw: Dart              |       |     3 |       ||     3
Invok: Heroism           |       |       |     4 ||     4
  Use: Scroll            |       |     5 |     2 ||     7
       Potion            |       |       |     4 ||     4
  Eat: Chunk             |     1 |     4 |     4 ||     9
       Ration            |       |     1 |     1 ||     2
Armor: Scale mail        |    39 |    34 |       ||    73
       Plate armour      |       |    68 |   115 ||   183
Dodge: Dodged            |    36 |    29 |    26 ||    91
Block: Shield            |    47 |    81 |   105 ||   233

Table legend:
 A = Non-vault XP
 B = Vault XP
 C = Vault XP percentage of total XP
 D = Non-vault monster count
 E = Vault monster count
 F = Vault count percentage of total count
                 A         B        C        D         E       F
            +---------+---------+-------+---------+---------+-------
      Total |    1881 |     237 |  11.2 |      95 |       5 |   5.0
            +---------+---------+-------+---------+---------+-------
        D:1 |      23 |       8 |  25.8 |      13 |       3 |  18.8
        D:2 |      54 |       0 |   0.0 |      18 |       0 |   0.0
        D:3 |      44 |       0 |   0.0 |      19 |       0 |   0.0
        D:4 |     271 |     157 |  36.7 |      15 |       1 |   6.2
        D:5 |     850 |       0 |   0.0 |      20 |       0 |   0.0
        D:6 |     639 |      72 |  10.1 |      10 |       1 |   9.1
            +---------+---------+-------+---------+---------+-------
